 Dungeon Crawl Stone Soup version 0.20.1-1-g8b1a95d (webtiles) character file.

11253 troglodite the Fighter (level 11, -1/133 HPs)
             Began as a Demonspawn Berserker on Dec 18, 2017.
             Was a High Priest of Trog.
             Slain by a wight
             ... wielding a +4 falchion of freezing
              (3 damage)
             ... on level 9 of the Dungeon.
             The game lasted 00:31:37 (10179 turns).

troglodite the Fighter (Demonspawn Berserker)      Turns: 10179, Time: 00:31:39

Health: -1/133     AC: 12    Str: 25    XL:     11   Next: 46%
Magic:  11/11      EV: 15    Int: 10    God:    Trog [*****.]
Gold:   339        SH:  0    Dex: 15    Spells: 10/10 levels left

rFire    . . .     SeeInvis .   p - +2 dagger (speed)
rCold    . . .     Gourm    .   (no shield)
rNeg     . . .     Faith    +   L - +3 ring mail
rPois    .         Spirit   .   d - +0 hat {MR+}
rElec    .         Reflect  .   b - scarf {cloud immunity}
rCorr    .         Harm     .   (no gloves)
MR       +....                  D - +0 pair of boots
Stlth    ..........             G - amulet of faith
Regen    0.4/turn               T - +3 ring of strength
MPRegen  0.2/turn               q - ring of stealth

@: berserking, drained, very quick
A: horns 2, rugged brown scales 1, foul stench 1, nightstalker 1, rot immunity
a: Berserk, Trog's Hand, Brothers in Arms, Burn Spellbooks, Renounce Religion


You were on level 9 of the Dungeon.
You worshipped Trog.
Trog was extremely pleased with you.
You were near starving.

You visited 1 branch of the dungeon, and saw 10 of its levels.
You also visited: Ossuary.

You collected 627 gold pieces.
You spent 288 gold pieces at shops.

Inventory:

Hand Weapons
 a - a +0 falchion
 g - a +6 broad axe of chopping
 p - a +2 dagger of speed (weapon)
Armour
 b - a scarf of cloud immunity (worn)
 d - a +0 hat of magic resistance (worn)
 o - a +1 chain mail
 D - a +0 pair of boots (worn)
 L - a +3 ring mail (worn)
Jewellery
 m - an uncursed ring of resist corrosion
 q - a ring of stealth (right hand)
 G - an amulet of faith (around neck)
 H - an uncursed ring of poison resistance
 N - an uncursed amulet of guardian spirit {unknown}
 T - a +3 ring of strength (left hand)
Wands
 B - a wand of digging (5/24)
 C - a wand of flame (27/48)
 E - a wand of random effects (39/48)
 K - a wand of iceblast (9/15)
 O - a wand of iceblast (10/15)
 S - a wand of paralysis (11/24)
Scrolls
 e - a scroll of random uselessness {unknown}
 f - 11 scrolls of teleportation
 j - 2 scrolls of noise {unknown}
 l - a scroll of fear {unknown}
 s - 2 scrolls of magic mapping
 u - a scroll of enchant weapon {unknown}
 y - a scroll of fog
 M - a scroll of recharging {unknown}
 Q - 3 scrolls of blinking
Potions
 h - 3 potions of brilliance
 i - a potion of agility
 k - 2 potions of flight
 r - a potion of resistance
 t - a potion of haste
 v - 3 potions of curing
 w - a potion of invisibility
 x - 4 potions of magic
 z - 2 potions of ambrosia
 A - 2 potions of might
 F - 2 potions of heal wounds
 J - 2 potions of mutation
 P - a potion of cancellation {unknown}
Comestibles
 c - 9 bread rations
 n - 3 royal jellies
 I - 6 fruits


   Skills:
 * Level 8.6(8.3) Fighting
 + Level 7.3(7.5) Short Blades
 + Level 3.9(5.8) Long Blades
 + Level 1.1(1.7) Axes
   Level 2.3(2.2) Maces & Flails
 * Level 7.7(7.4) Armour
 * Level 7.3(7.0) Dodging
 * Level 7.8(7.5) Stealth


You had 10 spell levels left.
You didn't know any spells.

Dungeon Overview and Level Annotations

Branches:
Dungeon (10/15)            Temple (0/1) D:7
   Lair: D:8-11         Orc: D:9-12

Altars:
Cheibriados
Elyvilon
Fedhas
Gozag
Hepliaklqana
Nemelex Xobeh
Okawaru
Trog
Uskayaw
Vehumet
Xom
Yredelemnul
The Shining One

Shops:
D:7 (

Annotations:
D:3 1 runed door


Innate Abilities, Weirdness & Mutations

You have a pair of horns on your head.
You are partially covered in rugged brown scales. (AC +1, +3% HP)
You may emit foul miasma when damaged in melee.
You are slightly more attuned to the shadows.
You are immune to rotting.


Message History

* * * LOW HITPOINT WARNING * * *
The seven-headed hydra bites you but does no damage. x2
The seven-headed hydra bites you!
* * * LOW HITPOINT WARNING * * *
The wight closely misses you.
You climb upwards.
There is a stone staircase leading down here.
A red film seems to cover your vision as you go berserk!
You feel yourself moving faster!
You feel mighty!
You are near starving!
The seven-headed hydra misses you.
The seven-headed hydra bites you but does no damage.
The seven-headed hydra bites you.
* * * LOW HITPOINT WARNING * * *
The seven-headed hydra barely misses you.
The seven-headed hydra bites you but does no damage.
The seven-headed hydra closely misses you.
The seven-headed hydra bites you but does no damage.
The wight hits you with a falchion of freezing.
You die...

#.#.......#.#.###........##
#.#...#.......# ##......##
#...###.#..#..## #.######
........#..#...###.##
.#####.....#.#....^.# .#
###...#...#####..#
.###.....##..#####..#
..#..##..##...##....##
....###...(....z@....#######
...#####..(...).D..#)......##
...................##.......##
.......##.(........#.........#
.......##..........#.........#
.##.....#.(........#.........#
...)..............##.........#
#.##...#.....................#
#.##...#..........##.........#


You could see a seven-headed hydra and a wight.

Vanquished Creatures
  Gastronok (D:9)
  The ghost of letownia2 the Reanimator, a journeyman DDNe of Gozag (D:10)
  A two-headed ogre (D:9)
  A wizard (D:10)
  The ghost of Zeloya the Zephyrmancer, a novice KoAE (D:7)
  Pikel (D:7)
  2 gargoyles
  2 centaur skeletons
  A meliai (shapeshifter) (D:10)
  A troll (D:9)
  2 hippogriffs (D:10)
  Prince Ribbit (D:8)
  Sigmund (D:2)
  A spriggan (D:7)
  A vampire mosquito (D:10)
  2 orc warriors
  Duvessa (D:4)
  3 ice beasts
  2 slaves (D:7)
  8 ogres
  A necrophage (D:10)
  8 centaurs
  6 bullfrogs
  Dowan (D:4)
  3 scorpions
  8 howler monkeys
  3 wights (D:10)
  5 crimson imps
  3 jellies
  3 hounds
  3 orc priests
  7 orc wizards
  Ijyb (D:4)
  2 bullfrog skeletons
  An iguana (D:4)
  7 worker ants
  2 hound skeletons
  2 mummies (Ossuary)
  A worker ant zombie (D:10)
  A howler monkey skeleton (D:6)
  4 gnolls (D:2)
  12 adders
  3 shadow imps
  4 oozes
  2 adder zombies
  2 adder skeletons
  A worm (D:4)
  3 dart slugs
  4 leopard geckos
  38 orcs
  4 giant cockroaches
  A gnoll zombie (Ossuary)
  7 goblins
  9 hobgoblins
  8 jackals
  8 kobolds
  6 quokkas
  A ball python (D:2)
  9 bats
  3 frilled lizards
  4 gnoll skeletons (Ossuary)
  6 goblin skeletons (Ossuary)
  3 goblin zombies (Ossuary)
  5 hobgoblin skeletons (Ossuary)
  A hobgoblin zombie (Ossuary)
  A kobold skeleton (Ossuary)
  2 kobold zombies (Ossuary)
  2 orc skeletons (Ossuary)
  2 orc zombies (Ossuary)
  A quokka skeleton (D:9)
  A quokka zombie (D:5)
  10 rats
  2 rat skeletons (Ossuary)
  A rat zombie (Ossuary)
272 creatures vanquished.

Vanquished Creatures (others)
  Menkaure (Ossuary)
  A bullfrog (D:7)
  2 howler monkeys (D:7)
  A worker ant (D:7)
  A mummy (Ossuary)
  3 goblin zombies (Ossuary)
  6 hobgoblin zombies (Ossuary)
  2 kobold skeletons (Ossuary)
  4 kobold zombies (Ossuary)
  2 orc skeletons (Ossuary)
  2 orc zombies (Ossuary)
  A rat skeleton (Ossuary)
26 creatures vanquished.

Grand Total: 298 creatures vanquished

Notes
Turn   | Place    | Note
-------+----------+-------------------------------------------
     0 | D:1      | troglodite the Demonspawn Berserker began the quest for the Orb.
     0 | D:1      | Reached XP level 1. HP: 18/18 MP: 1/1
     7 | D:1      | Found a bloodstained altar of Trog.
   152 | D:1      | Gained mutation: You are immune to rotting. [demonic ancestry]
   152 | D:1      | Reached XP level 2. HP: 13/24 MP: 2/2
   538 | D:1      | Gained mutation: You have a pair of small horns on your head. [demonic ancestry]
   538 | D:1      | Reached XP level 3. HP: 22/29 MP: 3/3
   666 | D:2      | Noticed Sigmund
   672 | D:2      | Killed Sigmund
   672 | D:2      | Reached skill level 4 in Fighting
   672 | D:2      | Reached XP level 4. HP: 38/38 MP: 4/4
   672 | D:2      | Reached XP level 5. HP: 43/43 MP: 5/5
   918 | D:2      | Reached ** piety under Trog
  1527 | D:2      | Found an opulent altar of Gozag.
  1531 | D:2      | Found a glowing golden altar of the Shining One.
  1533 | D:2      | Found a radiant altar of Vehumet.
  1533 | D:2      | Found an iron altar of Okawaru.
  1534 | D:2      | Found a hazy altar of Hepliaklqana.
  1535 | D:2      | Found a shimmering altar of Xom.
  1536 | D:2      | Found a hide-covered altar of Uskayaw.
  1599 | D:2      | Gained mutation: You are slightly more attuned to the shadows. [demonic ancestry]
  1599 | D:2      | Reached XP level 6. HP: 42/49 MP: 6/6
  2239 | D:3      | Found a white marble altar of Elyvilon.
  2239 | D:3      | Found a runed door.
  2239 | D:3      | Noticed an angel
  2435 | D:3      | Reached *** piety under Trog
  2949 | D:4      | Found a sand-covered staircase.
  2959 | Ossuary  | Entered an ossuary
  3192 | Ossuary  | Killed Menkaure
  3218 | Ossuary  | Reached **** piety under Trog
  3247 | Ossuary  | Reached skill level 1 in Short Blades
  3313 | D:4      | Noticed Dowan
  3340 | D:4      | Reached skill level 1 in Stealth
  3369 | D:5      | Entered Level 5 of the Dungeon
  3692 | D:4      | Gained mutation: You may emit foul miasma when damaged in melee. [demonic ancestry]
  3692 | D:4      | Reached XP level 7. HP: 44/55 MP: 7/7
  3738 | D:4      | Noticed Duvessa
  3751 | D:4      | Killed Duvessa
  3756 | D:4      | Killed Dowan
  3855 | D:4      | Reached skill level 5 in Fighting
  4047 | D:4      | Noticed Ijyb
  4055 | D:4      | Killed Ijyb
  4971 | D:5      | Found a sparkling altar of Nemelex Xobeh.
  4988 | D:5      | Gained mutation: You are partially covered in rugged brown scales. (AC +1, +3% HP) [demonic ancestry]
  4988 | D:5      | Reached XP level 8. HP: 49/63 MP: 8/8
  5021 | D:5      | Found a snail-covered altar of Cheibriados.
  5276 | D:5      | Reached ***** piety under Trog
  5752 | D:6      | Reached skill level 5 in Armour
  5970 | D:6      | Reached XP level 9. HP: 57/71 MP: 9/9
  6241 | D:6      | Received a gift from Trog
  6338 | D:6      | Found a blossoming altar of Fedhas.
  6443 | D:7      | Noticed Pikel
  6470 | D:7      | Killed Pikel
  6470 | D:7      | Reached skill level 6 in Fighting
  6470 | D:7      | Reached skill level 5 in Dodging
  6534 | D:7      | Noticed Zeloya's ghost (novice KoAE)
  6554 | D:7      | Killed Zeloya's ghost
  6554 | D:7      | Reached skill level 5 in Short Blades
  6554 | D:7      | Reached skill level 5 in Stealth
  6772 | D:7      | Found a staircase to the Ecumenical Temple.
  7210 | D:7      | Found a basalt altar of Yredelemnul.
  7314 | D:7      | Found Ligac's Antique Weapon Emporium.
  7363 | D:7      | Bought a bloodstained dire flail for 288 gold pieces
  7363 | D:7      | Identified the cursed +2 dire flail of Crusades {crush, Dex+3} (You bought it in a shop on level 7 of the Dungeon)
  7916 | D:8      | Reached skill level 1 in Maces & Flails
  8043 | D:8      | Reached XP level 10. HP: 78/79 MP: 10/10
  8114 | D:8      | Noticed Prince Ribbit
  8141 | D:8      | Killed Prince Ribbit
  8332 | D:9      | Reached skill level 7 in Fighting
  8456 | D:9      | Noticed Gastronok
  8485 | D:9      | Killed Gastronok
  8685 | D:9      | Reached skill level 8 in Fighting
  8862 | D:9      | Noticed a two-headed ogre
  8878 | D:9      | Killed a two-headed ogre
  8878 | D:9      | Gained mutation: You have a pair of horns on your head. [demonic ancestry]
  8878 | D:9      | Reached XP level 11. HP: 88/88 MP: 11/11
  9137 | D:10     | Entered Level 10 of the Dungeon
  9311 | D:10     | Noticed letownia2's ghost (journeyman DDNe)
  9617 | D:10     | Noticed a skeletal warrior
  9622 | D:10     | Noticed a rakshasa
  9647 | D:10     | Noticed a two-headed ogre
  9675 | D:10     | Received a gift from Trog
  9896 | D:10     | Noticed a wizard
  9902 | D:10     | Killed a wizard
  9902 | D:10     | Killed letownia2's ghost
  9902 | D:10     | Reached skill level 1 in Axes
 10032 | D:10     | Noticed a seven-headed hydra
 10177 | D:10     | HP: 3/89 [seven-headed hydra (7)]
 10179 | D:9      | Slain by a wight

Skill      XL: |  1  2  3  4  5  6  7  8  9 10 11 |
---------------+----------------------------------+-----
Dodging        | 2 3 4 5 6 7 |  7.3
Armour         | 2 3 4 5 6 7 |  7.7
Fighting       | 4 5 6 8 |  8.6
Long Blades    | 3 |  3.9
Short Blades   | 2 3 4 5 6 7 |  7.3
Stealth        | 1 2 4 5 7 |  7.8
Maces & Flails | 1 2 |  2.3
Axes           | 1 |  1.1

Action                   |  1- 3 |  4- 6 |  7- 9 | 10-12 || total
-------------------------+-------+-------+-------+-------++-------
Melee: Falchion          |    52 |    92 |       |       ||   144
       Headbutt          |     3 |    63 |    90 |   102 ||   258
       Dagger            |       |   203 |   401 |   281 ||   885
       Dire flail        |       |       |    56 |    19 ||    75
       Broad axe         |       |       |       |    24 ||    24
Invok: Berserk           |     2 |     2 |     7 |     9 ||    20
  Use: Scroll            |       |    14 |       |    10 ||    24
 Stab: Sleeping          |       |       |    17 |     6 ||    23
       Distracted        |       |       |     1 |       ||     1
  Eat: Chunk             |       |     9 |    20 |    11 ||    40
       Meat ration       |       |     1 |       |       ||     1
       Royal jelly       |       |       |       |     1 ||     1
Armor: Animal skin       |    18 |     2 |       |       ||    20
       Chain mail        |       |   129 |    18 |       ||   147
       Scale mail        |       |       |    24 |       ||    24
       Ring mail         |       |       |    74 |    89 ||   163
Dodge: Dodged            |    52 |   123 |   200 |   178 ||   553
       Rpst.: Falchion   |    20 |    23 |       |       ||    43
